 Dungeon Crawl Stone Soup version 0.15-b1-55-g17c0860 (webtiles) character file.

2548 Deathcrow the Archer (level 9, -5/74 HPs)
             Began as a Centaur Hunter on Aug 10, 2014.
             Was a Priest of Okawaru.
             Slain by Deathcrow's ghost (11 damage)
             ... on Level 7 of the Dungeon.
             The game lasted 00:54:36 (10261 turns).

Deathcrow the Archer (Centaur Hunter)              Turns: 10261, Time: 00:54:36

HP  -5/74        AC  5     Str 15      XL: 9   Next: 30%
MP  22/22        EV 10     Int 12      God: Okawaru [***...]
Gold 262         SH  0     Dex 11      Spells:  0 memorised,  8 levels left

rFire  + . .     SeeInvis .     G - +4 trident of the Shore {flame, rElec rF+}
rCold  . . .     Clarity  .     d - +1 leather armour
rNeg   . . .     rCorr    .     (no shield)
rPois  .         rRot     .     (no helmet)
rElec  +         Spirit   .     (no cloak)
SustAb .         Warding  .     (no gloves)
rMut   .         Stasis   .     (no barding)
Gourm  .                        e - amulet of faith
MR     .....                    o - cursed ring of stealth
                                I - ring of magical power

@: very quick, not resistant to hostile enchantments, unstealthy
A: hooves 3, deformed body, speed 2, tough skin 3
a: Heroism, Renounce Religion


You were on level 7 of the Dungeon.
You worshipped Okawaru.
Okawaru was most pleased with you.
You were not hungry.

You visited 2 branches of the dungeon, and saw 8 of its levels.

You collected 483 gold pieces.
You spent 221 gold pieces at shops.

Inventory:

Hand weapons
 b - a +1 shortbow
 j - a +4 spear
 l - a +1 whip of pain
 r - a +2 flail of draining
 F - a +0 falchion
 G - the +4 trident of the Shore (weapon) {flame, rElec rF+}
   (You bought it in a shop on level 6 of the Dungeon)

   It emits flame when wielded, causing extra injury to most foes and up to
   double damage against particularly susceptible opponents.
   It protects you from fire.
   It insulates you from electricity.
Missiles
 c - 82 arrows
 g - 127 stones (quivered)
 v - a throwing net
Armour
 d - a +1 leather armour (worn)
Magical devices
 w - a wand of lightning (7)
 z - a wand of fire (7)
Comestibles
 f - 2 bread rations
 i - 2 meat rations
 x - a slice of pizza
 B - a royal jelly
Scrolls
 h - 3 scrolls of identify
 m - a scroll of enchant armour
 y - 2 scrolls of fear {unknown}
 A - a scroll of holy word {unknown}
 D - 4 scrolls of amnesia {unknown}
 E - a scroll of silence {unknown}
 H - a scroll of remove curse
 J - a scroll of recharging
Jewellery
 e - an amulet of faith (around neck)
 k - an uncursed ring of protection from fire
 n - an uncursed ring of teleportation
 o - a cursed ring of stealth (right hand)
 I - a ring of magical power (left hand)
 K - an uncursed amulet of resist corrosion
Potions
 a - a potion of resistance
 p - a potion of magic {unknown}
 q - a potion of might {unknown}
 t - 3 potions of brilliance {unknown}
 u - a potion of curing


   Skills:
 - Level 5.0 Fighting
 - Level 4.4 Maces & Flails
 * Level 2.0 Polearms
 - Level 8.9 Bows
 - Level 6.0 Throwing
 - Level 4.0 Dodging
 - Level 0.5 Stealth
 + Level 1.3 Invocations
 + Level 4.3 Evocations


You had 8 spell levels left.
You didn't know any spells.

Dungeon Overview and Level Annotations

Branches:
Dungeon (7/15)             Temple (1/1) D:4

Altars:
Ashenzari
Cheibriados
Dithmenos
Elyvilon
Fedhas
Kikubaaqudgha
Makhleb
Nemelex Xobeh
Okawaru
Qazlal
Sif Muna
Trog
Vehumet
Xom
Yredelemnul
Zin
The Shining One

Shops:
D:5 [   D:6 *

Annotations:
D:7 Deathcrow's ghost, experienced CeHu


Innate Abilities, Weirdness & Mutations

You have hooves in place of feet.
Armour fits poorly on your strangely shaped body.
You cover ground very quickly.
You have extremely tough skin (AC +3).


Message History

Deathcrow's ghost hits you.
You puncture Deathcrow's ghost! You burn Deathcrow's ghost.
You kick Deathcrow's ghost, but do no damage.
Deathcrow's ghost is severely damaged.
Deathcrow's ghost hits you!
* * * LOW HITPOINT WARNING * * *
Deathcrow's ghost misses you.
You barely miss Deathcrow's ghost. Your kick misses Deathcrow's ghost.
Deathcrow's ghost is severely damaged.
Deathcrow's ghost closely misses you.
You closely miss Deathcrow's ghost. Your kick misses Deathcrow's ghost.
Deathcrow's ghost is severely damaged.
Deathcrow's ghost hits you.
* * * LOW HITPOINT WARNING * * *
Deathcrow's ghost hits you.
* * * LOW HITPOINT WARNING * * *
Drink which item? (? for menu, Esc to quit)
It has a very clean taste.
It was a potion of cure mutation.
Deathcrow's ghost hits you!
You die...

..#.####.#........#####
#.# ###.#
#...#...#......# #.####
....#
##..###.#......###....#
####. ..#
#.#...<(..##<##.# + #.#
#.##+####.......# .#
#.##+####.......#
#)......#.#...#.#
#.......#.......#
#.W@....#.......#
#.......#.#...#.#
#(..#(....#.......#
##..#.(...#.......#
#..#[....#.#...#.#
#..#(....#.......#
##.#.....#.......#
#..((...#.#...#.#
.......#.......#


You could see Deathcrow's ghost.

Vanquished Creatures
  Eustachio (D:6)
  A water moccasin (D:5)
  3 phantoms
  A sky beast (D:6)
  3 ogres
  2 orc warriors
  2 centaurs
  2 giant frogs (D:6)
  Blork the orc (D:6)
  2 scorpions (D:5)
  4 crimson imps
  2 goliath beetles (D:6)
  3 hounds
  A jelly (D:5)
  3 orc wizards
  4 orc priests
  5 worker ants
  3 iguanas
  Ijyb (D:3)
  10 gnolls
  4 adders
  2 giant mites
  2 shadow imps
  2 ufetubi (D:6)
  3 worms
  An orc zombie (D:6)
  3 oozes
  14 orcs
  A bat skeleton (D:4)
  7 giant cockroaches
  7 hobgoblins
  2 jackals (D:3)
  4 quokkas
  2 ball pythons
  10 bats
  6 giant geckos
  9 giant newts
  11 goblins
  12 kobolds
  A kobold skeleton (D:5)
  A quokka skeleton (D:4)
  9 rats
167 creatures vanquished.

Notes
Turn   | Place    | Note
--------------------------------------------------------------
     0 | D:1      | Deathcrow, the Centaur Hunter, began the quest for the Orb.
     0 | D:1      | Reached XP level 1. HP: 16/16 MP: 1/1
   362 | D:1      | Reached XP level 2. HP: 8/23 MP: 2/2
  1079 | D:1      | Reached skill level 1 in Throwing
  1292 | D:2      | Reached XP level 3. HP: 29/29 MP: 3/3
  1799 | D:2      | Found a shimmering altar of Xom.
  1820 | D:2      | Found a blossoming altar of Fedhas.
  1821 | D:2      | Found a glowing golden altar of the Shining One.
  2026 | D:2      | Reached skill level 1 in Maces & Flails
  2288 | D:3      | Noticed Ijyb
  2314 | D:3      | Killed Ijyb
  2314 | D:3      | Reached XP level 4. HP: 18/36 MP: 3/3
  2860 | D:3      | Reached skill level 6 in Bows
  2990 | D:3      | Reached XP level 5. HP: 41/41 MP: 4/4
  3686 | D:3      | HP: 3/63 [poisoned by a worker ant]
  4157 | D:4      | Reached XP level 6. HP: 42/50 MP: 5/5
  4160 | D:4      | Noticed a centaur
  4186 | D:4      | Killed a centaur
  4471 | D:4      | Found a staircase to the Ecumenical Temple.
  4483 | Temple   | Entered the Ecumenical Temple
  4537 | Temple   | Became a worshipper of Warmaster Okawaru
  5270 | D:4      | Reached skill level 7 in Bows
  5270 | D:4      | Reached XP level 7. HP: 57/57 MP: 5/5
  5424 | D:4      | Reached skill level 1 in Evocations
  5654 | D:5      | Entered Level 5 of the Dungeon
  5677 | D:5      | Found a radiant altar of Vehumet.
  5677 | D:5      | Found a basalt altar of Yredelemnul.
  5711 | D:5      | Reached skill level 5 in Throwing
  6050 | D:5      | Acquired Okawaru's first power
  6530 | D:5      | Found Kleuq's Antique Armour Emporium.
  6585 | D:5      | Reached XP level 8. HP: 64/66 MP: 8/8
  7655 | D:6      | Reached skill level 8 in Bows
  8257 | D:6      | HP: 1/67 [orc warrior/halberd (8)]
  8323 | D:6      | HP: 1/67 [goliath beetle (23)]
  8334 | D:6      | HP: 1/67 [giant frog (2)]
  8761 | D:6      | Found a shadowy altar of Dithmenos.
  8824 | D:6      | Reached XP level 9. HP: 66/73 MP: 12/12
  8867 | D:6      | Noticed Eustachio
  8903 | D:6      | Killed Eustachio
  9023 | D:6      | Reached skill level 5 in Fighting
  9026 | D:6      | Found Zashunung's Assorted Antiques.
  9067 | D:6      | Bought a jewelled trident for 221 gold pieces
  9068 | D:6      | Identified the +4 trident of the Shore {flame, rElec rF+} (You bought it in a shop on level 6 of the Dungeon)
  9146 | D:7      | Found a staircase to the Ecumenical Temple.
  9174 | D:7      | Noticed Blork the orc
  9193 | D:6      | Reached skill level 1 in Polearms
  9337 | D:6      | Killed Blork the orc
  9347 | D:7      | Reached skill level 1 in Invocations
  9920 | D:7      | Noticed Deathcrow's ghost (experienced CeHu)
 10261 | D:7      | Slain by Deathcrow's ghost

Action                   |  1- 3 |  4- 6 |  7- 9 || total
-------------------------+-------+-------+-------++-------
Melee: Whip              |    67 |    84 |       ||   151
       Spear             |       |     4 |       ||     4
       Flail             |       |       |   146 ||   146
       Trident           |       |       |    69 ||    69
 Fire: Shortbow          |    55 |    84 |   104 ||   243
Throw: Stone             |   113 |    69 |   205 ||   387
       Throwing net      |       |     6 |     2 ||     8
Invok: Heroism           |       |       |     1 ||     1
Evoke: Wand              |       |       |     2 ||     2
  Use: Scroll            |       |     4 |     8 ||    12
       Potion            |       |     3 |     5 ||     8
  Eat: Chunk             |     2 |     9 |    10 ||    21
       Meat ration       |       |       |     1 ||     1
